 Dungeon Crawl Stone Soup version 0.31-a0-267-g3fc6992b3b (webtiles) character file.

Game seed: 6266819134417805434

45 qw the Shooter (level 3, -1/21 HPs)
             Began as a Gargoyle Hexslinger on July 14, 2023.
             Slain by a kobold
             ... wielding a +0 short sword
              (2 damage)
             ... on level 3 of the Dungeon.
             The game lasted 00:00:28 (1203 turns).

qw the Shooter (Gargoyle Hexslinger)                Turns: 1203, Time: 00:00:29

Health: -1/21      AC:  8    Str: 11    XL:     3   Next: 64%
Magic:  4/4        EV: 10    Int: 13    God:
Gold:   98         SH:  0    Dex: 14    Spells: 3/4 levels left

rFire   . . .        Y - +0 orcbow
rCold   . . .        (shield currently unavailable)
rNeg    + . .        a - +0 ring mail
rPois   inf          (no helmet)
rElec   +            (no cloak)
rCorr   .            (no gloves)
SInv    .            (no boots)
Will    .....        (no amulet)
Stlth   +            (no ring)
HPRegen 0.23/turn    (no ring)
MPRegen 0.09/turn

%: no passive effects
@: mighty
A: sickness immunity, AC +3, negative energy resistance 1, electricity
resistance, torment resistance 1, petrification resistance
a: no special abilities


You were on level 3 of the Dungeon.
You visited 1 branch of the dungeon, and saw 3 of its levels.

You collected 98 gold pieces.


Innate Abilities, Weirdness & Mutations

You are immune to sickness and miasma.
Your stone body is resilient. (AC +3)
You are immune to poison.
You resist negative energy. (rN+)
You are resistant to electric shocks. (rElec)
You are resistant to unholy torment.
You are immune to petrification.


   Skills:
 - Level 2.0 Fighting
 + Level 3.5 Ranged Weapons
 - Level 1.5 Dodging
 - Level 1.0 Spellcasting
 - Level 2.6 Hexes


You had 3 spell levels left.
You knew the following spells:

 Your Spells              Type           Power      Damage    Failure   Level
a - Slow                  Hex            28%        N/A       22%         1

Your spell library contained the following spells:

 Spells                   Type           Power      Damage    Failure   Level
 Inner Flame              Hex/Fire       4%         N/A       75%         3
 Portal Projectile        Hex/Tloc       8%         N/A       75%         3
 Cause Fear               Hex            3%         N/A       92%         4

Inventory:

Hand Weapons
 Y - a +0 orcbow (weapon)
Armour
 a - a +0 ring mail (worn)
Scrolls
 b - a scroll of identify
 l - 2 scrolls of teleportation
Potions
 f - a potion of heal wounds
 h - a potion of degeneration {unknown}
 j - a potion of curing {unknown}
 k - 2 potions of might

Dungeon Overview and Level Annotations

Branches:
Dungeon (3/15)

Altars:
Makhleb

Annotations:
D:3 Terence


Message History

There is a stone staircase leading down here.
You climb downwards.
You hear the sound of rushing water.
There is an entrance to a sewer on this level.
Hurry and find it before the portal rusts away!
Found a stone staircase leading up.
There is a stone staircase leading up here.
Waypoint 2 assigned to D:3.
1189 ||| PLANNING SEWER
Found a ring mail.
Terence the Incautious comes into view.
He is wielding a +0 hand axe and wearing a +0 scale mail of fire resistance.
Terence shouts!
You shoot an arrow. The arrow barely misses Terence.
A kobold comes into view. It is wielding a +0 short sword.
You shoot an arrow. The kobold shouts!
The arrow hits Terence.
Terence is lightly wounded.
A kobold opens the large door.
You shoot an arrow. The arrow completely misses Terence.
You shoot an arrow. The arrow hits Terence!
Terence is heavily wounded.
You shoot an arrow. The arrow barely misses Terence.
Terence hits you but does no damage.
The kobold hits you with a +0 short sword.
Terence hits you with a +0 hand axe.
You shoot an arrow. The arrow closely misses Terence.
Terence closely misses you. The kobold hits you but does no damage.
Terence hits you with a +0 hand axe.
The kobold hits you with a +0 short sword.
You shoot an arrow. The arrow hits Terence.
Terence is severely wounded.
Terence hits you but does no damage. The kobold misses you.
You shoot an arrow.
The arrow hits Terence but does no damage.
Terence is severely wounded.
The kobold barely misses you. Terence closely misses you.
You shoot an arrow. The arrow barely misses Terence.
Terence hits you with a +0 hand axe.
The kobold hits you with a +0 short sword.
You die...

.#
.######
#..
......
#..
.#..###
#..
....[.#
#.. ...'.
#..###@.#
#....@K#
#.....##
#.###..##
#..<<.##
#####.#
#.+ #.#
#.# #.#


You could see Terence and a kobold.

Vanquished Creatures
  2 adders
  2 dart slugs (D:1)
  2 endoplasms
  4 hobgoblins
  2 kobolds (D:1)
  2 quokkas (D:2)
  2 ball pythons (D:2)
  2 bats
  2 frilled lizards (D:1)
  3 rats
23 creatures vanquished.

Notes
Turn   | Place    | Note
-------+----------+-------------------------------------------
     0 | D:1      | qw the Gargoyle Hexslinger began the quest for the Orb.
     0 | D:1      | Reached XP level 1. HP: 12/12 MP: 2/2
     0 | D:1      | 0 ||| qw: Version: 0.3-a-52-g30416fa
     0 | D:1      | 0 ||| qw: Game counter: 7916
     0 | D:1      | 0 ||| qw: Melee chars always use a shield: true
     0 | D:1      | 0 ||| qw: God list: Okawaru
     0 | D:1      | 0 ||| qw: Allow faded altars: false
     0 | D:1      | 0 ||| qw: Do Orc after clearing Dungeon:15 true
     0 | D:1      | 0 ||| qw: Do second Lair branch before Depths: true
     0 | D:1      | 0 ||| qw: Lair rune preference: random
     0 | D:1      | 0 ||| qw: Goals: Normal
     0 | D:1      | 0 ||| PLANNING D:1-11
    71 | D:1      | 71 ||| FLEEEEING.
   246 | D:1      | Reached XP level 2. HP: 16/16 MP: 3/3
   539 | D:1      | Reached skill level 3 in Ranged Weapons
   550 | D:1      | 550 ||| UPGRADING to +0 leather armour.
   560 | D:1      | 560 ||| DROPPING +0 robe.
   561 | D:1      | 561 ||| READING 2 scrolls labelled LOT MAECYOHU.
   562 | D:1      | 562 ||| READING scroll labelled YJE METHUEF.
   563 | D:1      | 563 ||| READING 2 scrolls labelled CAINYJ ULE.
   568 | D:1      | 568 ||| DRINKING 2 cyan potions.
   569 | D:1      | 569 ||| DROPPING scroll of revelation.
   570 | D:1      | 570 ||| DROPPING scroll of poison.
   613 | D:2      | 613 ||| STAIRDANCE
   616 | D:1      | Reached XP level 3. HP: 17/21 MP: 4/4
  1084 | D:2      | Found a burning altar of Makhleb.
  1111 | D:2      | 1111 ||| SWAPPING to +0 orcbow.
  1112 | D:2      | 1112 ||| DROPPING +1 sling.
  1155 | D:2      | 1155 ||| UPGRADING to +0 ring mail.
  1165 | D:2      | 1165 ||| DROPPING +0 leather armour.
  1166 | D:2      | 1166 ||| READING scroll labelled PAFFES GAFOAZ.
  1167 | D:2      | 1167 ||| READING scroll labelled JOQEDACWIU.
  1168 | D:2      | 1168 ||| DRINKING 3 inky potions.
  1169 | D:2      | 1169 ||| READING 2 scrolls of identify.
  1169 | D:2      | 1169 ||| IDENTIFYING smoky black potion
  1170 | D:2      | 1170 ||| DROPPING potion of lignification.
  1189 | D:3      | 1189 ||| PLANNING SEWER
  1194 | D:3      | Noticed Terence
  1203 | D:3      | HP: 1/21 [Terence/+0 hand axe (6)]
  1203 | D:3      | Slain by a kobold

Levels and vault maps discovered:
D:1:      giann_forest_graveyard, layout_basic
D:2:      layout_basic, basic_altar, amcnicky_mini_corridor_feature
D:3:      layout_basic, zin_academy, cheibrodos_sewer_entry_drain, serial_shops,
          nicolae_shop_overgrown_old_shop, serial_forest,
          infiniplex_forest_end_2, infiniplex_forest_end_3,
          infiniplex_forest_clump_C, infiniplex_forest_lined_2,
          infiniplex_forest_lined_2, infiniplex_forest_clump_tiny,
          infiniplex_forest_pool, grunt_decor_arrowhead, minmay_crystal_room,
          kennysheep_cross_bottleneck, uniq_terence

Skill      XL: |  1  2  3 |
---------------+----------+-----
Ranged Weapons | 3 |  3.5
Fighting       | 2 |  2.0
Dodging        | |  1.5
Spellcasting   | |  1.0
Hexes          | |  2.6

Action                     || total
---------------------------++-------
   Fire: Sling             ||    73
         Orcbow            ||     9
    Use: Scroll            ||     6
         Potion            ||     2
 Armour: Robe              ||     1
         Leather armour    ||     7
         Ring mail         ||     3
  Dodge: Dodged            ||    26

Table legend:
 A = Non-vault XP
 B = Vault XP
 C = Vault XP percentage of total XP
 D = Non-vault monster count
 E = Vault monster count
 F = Vault count percentage of total count
                 A         B        C        D         E       F
            +---------+---------+-------+---------+---------+-------
      Total |      65 |       0 |   0.0 |      23 |       0 |   0.0
            +---------+---------+-------+---------+---------+-------
        D:1 |      36 |       0 |   0.0 |      13 |       0 |   0.0
        D:2 |      29 |       0 |   0.0 |      10 |       0 |   0.0
            +---------+---------+-------+---------+---------+-------
